 Dungeon Sprint DCSS version 0.32-a0-918-g0f22ef8d61 (webtiles) character file.

Game seed: 2164301569668954307

3186 Griffin23 the Cleaver (level 9, -3/92 HPs)
             Began as a Minotaur Fighter on Apr 10, 2024.
             Was a High Priest of Trog.
             Slain by a death scarab (11 damage)
             ... summoned by a royal mummy
             ... in the Dungeon (Sprint V: "Ziggurat Sprint").
             The game lasted 00:05:33 (393 turns).

Griffin23 the Cleaver (Minotaur Fighter)             Turns: 393, Time: 00:05:33

Health: -3/92      AC: 32    Str: 30    XL:     9   Next: 64%
Magic:  8/8        EV:  1    Int:  8    God:    Trog [*****.]
Gold:   0          SH: 36    Dex: 17    Spells: 8/8 levels left

rFire   . . .        B - +16 obsidian axe {drain, demonic, Mesm ^Drain Fly SInv}
rCold   . . .        D - +18 shield of the Gong {Loud rN+ Will+ rCorr EV-5}
rNeg    + . .        C - +15 Maxwell's patent armour {-Cast -Tele rElec Will+ rCorr}
rPois   .            (helmet restricted)
rElec   +            (no cloak)
rCorr   +            N - +1 pair of gloves of Ebleig {rElec Int+3 SInv}
SInv    +            (no boots)
Will    ++...        P - amulet of Suspicion {Reflect SH+5 SInv} Stlth
                     w - +6 ring of dexterity
HPRegen 0.35/turn    z - +6 ring of strength
MPRegen 0.11/turn

%: no teleportation, no spellcasting, reflection
@: lethally poisoned (-3 -> -36), on berserk cooldown, flying, mesmerised,
slowed, very slow
A: horns 2, retaliatory headbutt
a: Renounce Religion, Berserk, Trog's Hand, Brothers in Arms


You were in the Dungeon.
You worshipped Trog.
Trog was extremely pleased with you.
You visited 1 branch

Inventory:

Hand Weapons
 a - a +0 war axe
 B - the +16 obsidian axe (weapon) {drain, demonic, Mesm ^Drain Fly SInv}
   (You found it in the Dungeon)

   Mesm:      Its wielder is mesmerised by any visible foes, and it cannot be
   unequipped while any foes are visible.
   SInv:      It lets you see invisible.
   Fly:       It grants you flight.
   ^Drain:    It drains your maximum health when unequipped.
 E - a +5 double sword
 F - a +5 triple sword
 H - the +11 plutonium sword {^Contam Stlth-}
   (You found it in the Dungeon)

   ^Contam:   It causes magical contamination when unequipped.
   Stlth-:    It makes you less stealthy.
 I - the +9 sword of Power {lifebolt}
   (You found it in the Dungeon)
 J - the +9 sword of Zonguldrok {reap}
   (You found it in the Dungeon)
Armour
 b - a +0 scale mail
 c - a +0 buckler
 C - the +15 Maxwell's patent armour (worn) {-Cast -Tele rElec Will+ rCorr}
   (You found it in the Dungeon)

   rElec:     It insulates you from electricity.
   Will+:     It increases your willpower.
   -Cast:     It prevents spellcasting.
   -Tele:     It prevents most forms of teleportation.
   rCorr:     It protects you from acid and corrosion.
 D - the +18 shield of the Gong (worn) {Loud rN+ Will+ rCorr EV-5}
   (You found it in the Dungeon)

   Loud:      It is deafeningly noisy when blocking attacks.
   EV-5:      It affects your evasion (-5).
   rN+:       It protects you from negative energy.
   Will+:     It increases your willpower.
   rCorr:     It protects you from acid and corrosion.
 G - a +5 crystal plate armour
 N - the +1 pair of gloves of Ebleig (worn) {rElec Int+3 SInv}
   (You found it in the Dungeon)

   Int+3:     It affects your intelligence (+3).
   rElec:     It insulates you from electricity.
   SInv:      It lets you see invisible.
Jewellery
 u - a ring of flight
 v - a +6 ring of dexterity
 w - a +6 ring of dexterity (left hand)
 x - a +6 ring of intelligence
 y - a +6 ring of intelligence
 z - a +6 ring of strength (right hand)
 A - a +6 ring of strength
 K - a +6 ring of dexterity
 P - the amulet of Suspicion (around neck) {Reflect SH+5 SInv}
   (You found it in the Dungeon)

   [amulet of reflection]

   Reflect:   It reflects blocked missile attacks.
   SInv:      It lets you see invisible.
   SH+5:      It affects your SH (+5).
 Q - a ring of resist corrosion
Wands
 s - a wand of mindburst (20)
 t - a wand of quicksilver (7)
 L - a wand of flame (15)
Scrolls
 j - 4 scrolls of blinking
 n - 4 scrolls of enchant armour
 o - 4 scrolls of amnesia
 p - 7 scrolls of fog
 q - 5 scrolls of identify
 r - 2 scrolls of fear
Potions
 d - 6 potions of might
 e - 10 potions of curing
 f - 9 potions of heal wounds
 g - 10 potions of haste
 h - 7 potions of magic
 i - 3 potions of berserk rage
 k - 2 potions of brilliance
 l - 2 potions of invisibility
 m - 4 potions of resistance
Miscellaneous
 M - a Gell's gravitambourine (1/2)
 O - a condenser vane (inert)


   Skills:
 + Level 12.6 Fighting
 * Level 14.5 Axes
 + Level 11.1 Armour
 - Level 13.1 Shields


You had 8 spell levels left.
You didn't know any spells.
Your spell library was empty.

Dungeon Overview and Level Annotations

Branches:
Dungeon (1/1)

Altars:
Ashenzari
Cheibriados
Dithmenos
Elyvilon
Fedhas
Gozag
Hepliaklqana
Kikubaaqudgha
Makhleb
Nemelex Xobeh
Okawaru
Qazlal
Ru
Sif Muna
Trog
Uskayaw
Vehumet
Wu Jian
Xom
Yredelemnul
Zin
The Shining One
Beogh
Jiyva
Lugonu

Annotations:
D 1 transporter


Innate Abilities, Weirdness & Mutations

You have a pair of horns on your head.
You reflexively headbutt those who attack you in melee.


Message History

The death scarab's corpse disappears in a puff of smoke!
You slash the royal mummy! You slash the mummy! You open a gate to Pandemonium!
A demon appears!
You slash the death scarab!
Visions of slaying the death scarab flood into your mind.
You are engulfed in dark miasma.
You are lethally poisoned!
* * * LOW HITPOINT WARNING * * *
x2 You feel extremely sick.
The death scarab closely misses your sixfirhy.
You block the death scarab's attack.
GONNNNG!
The death scarab barely misses your sixfirhy.
The death scarab bites your sixfirhy!! x2
The death scarab bites you but does no damage.
The death scarab bites your sixfirhy.
The death scarab drains your sixfirhy's vigour!
Your sixfirhy seems to slow down.
The death scarab bites your sixfirhy!!
Your sixfirhy dies!
Your sixfirhy disappears in a puff of smoke!
The death scarab bites your sixfirhy!!
Your sixfirhy dies!
Your sixfirhy disappears in a puff of smoke!
The ushabti shakes and rattles deafeningly!
The royal mummy is engulfed in blazing flames.
The royal mummy calls on the powers of darkness!
Your body is wracked with pain!
* * * LOW HITPOINT WARNING * * *
Your ogre convulses!
Unknown command.
You feel much better.
Visions of slaying the mummy flood into your mind.
You are engulfed in dark miasma.
You are lethally poisoned!
* * * LOW HITPOINT WARNING * * *
x2 You feel extremely sick.
You block the death scarab's attack.
GONNNNG!
The death scarab bites you!
You die...

▓...©...▓
▓▓▓▓▓▓▓▓▓
▓..ß©ß.§▓
▓..§"§..▓
▓..§M§.§▓
▓...M○9.▓
▓.§.B...▓
▓.BBMM..▓
▓..§@B..▓
▓..°.O..▓
▓...©...▓
▓▓▓▓▓▓▓▓▓


You could see a royal mummy, a guardian mummy, an ushabti (catching breath), 4
death scarabs, 2 mummies and a friendly ogre (summoned, berserk).

Vanquished Creatures
  2 yaktaurs (D)
  A glass eye (D)
  A water moccasin (D)
  2 hell hounds (D)
  A small abomination (D)
  A centaur (D)
  A quasit (D)
  An adder (D)
  An ufetubus (D)
  An adder zombie (D)
  An endoplasm (D)
  A ball python skeleton (D)
  2 quokka zombies (D)
16 creatures vanquished.

Vanquished Creatures (collateral kills)
  A glass eye (D)
  2 hell hounds (D)
  A centaur (D)
  2 jellies (D)
  A giant cockroach zombie (D)
  A quokka skeleton (D)
8 creatures vanquished.

Vanquished Creatures (others)
  A bat zombie (D)
1 creature vanquished.

Grand Total: 25 creatures vanquished

Notes
Turn   | Place    | Note
-------+----------+-------------------------------------------
     0 | D        | Griffin23 the Minotaur Fighter began the quest for the Orb.
     0 | D        | Reached XP level 1. HP: 19/19 MP: 0/0
     0 | D        | Found a blossoming altar of Fedhas.
     0 | D        | Found the +6 Majin-Bo {spellvamp, MP+6 Int+6}
     0 | D        | Found the +27 heavy crossbow "Sniper" {heavy, Acc+∞ SInv}
     0 | D        | Found the +10 dark maul {heavy}
     0 | D        | Found the +15 Maxwell's patent armour {-Cast -Tele rElec
                  | Will+ rCorr}
     0 | D        | Found the +18 shield of the Gong {Loud rN+ Will+ rCorr
                  | EV-5}
     0 | D        | Found the +16 obsidian axe {drain, demonic, Mesm ^Drain Fly
                  | SInv}
     0 | D        | Found the +7 great mace "Firestarter" {flame, immolate,
                  | rFlCloud rF++}
     0 | D        | Found the +6 shillelagh "Devastator" {shatter}
     0 | D        | Found the +11 plutonium sword {^Contam Stlth-}
     0 | D        | Found the +8 lance "Wyrmbane" {slay drac, rPois rF+ rC+
                  | AC+3}
     0 | D        | Found the +9 sword of Zonguldrok {reap}
     0 | D        | Found the +13 scythe of Curses {drain, curses, ^Drain}
     0 | D        | Found the +9 sword of Power {lifebolt}
     0 | D        | Found the +7 mace of Variability {chaos, chaos arc}
     0 | D        | Found the +11 Singing Sword {sonic wave}
     0 | D        | Found the +8 storm bow {elec, penet}
     1 | D        | Found a shimmering blue altar of Sif Muna.
     1 | D        | Found a sacrificial altar of Ru.
     1 | D        | Found a bloodstained altar of Trog.
     1 | D        | Found a stormy altar of Qazlal.
     1 | D        | Found an iron altar of Okawaru.
     1 | D        | Found a sparkling altar of Nemelex Xobeh.
     3 | D        | Found a transporter.
     3 | D        | Found an ancient bone altar of Kikubaaqudgha.
     3 | D        | Found a viscous altar of Jiyva.
     3 | D        | Found a corrupted altar of Lugonu.
     3 | D        | Found a hazy altar of Hepliaklqana.
     3 | D        | Found a burning altar of Makhleb.
     3 | D        | Found an opulent altar of Gozag.
   200 | D        | Became a worshipper of Trog the Wrathful
   219 | D        | Entered arena 2.
   219 | D        | Noticed a water moccasin
   219 | D        | Found a transporter.
   222 | D        | Reached XP level 2. HP: 28/28 MP: 1/1
   222 | D        | Noticed a chaos spawn
   223 | D        | Killed a water moccasin
   224 | D        | Reached skill level 3 in Axes
   224 | D        | Reached XP level 3. HP: 38/38 MP: 2/2
   224 | D        | Reached XP level 4. HP: 45/45 MP: 3/3
   226 | D        | Noticed an orange demon
   245 | D        | Entered arena 3.
   245 | D        | Found the +4 skin of Zhor {*Englaciate rC+++ SInv}
   245 | D        | Noticed a small abomination
   245 | D        | Found a transporter.
   247 | D        | Reached * piety under Trog
   248 | D        | Reached skill level 4 in Axes
   249 | D        | Killed a small abomination
   250 | D        | Reached skill level 6 in Axes
   250 | D        | Reached XP level 5. HP: 53/53 MP: 4/4
   258 | D        | Got the +1 pair of gloves of Ebleig {rElec Int+3 SInv}
   266 | D        | Entered arena 4.
   266 | D        | Noticed a hell hound
   266 | D        | Found a transporter.
   269 | D        | Reached ** piety under Trog
   272 | D        | Killed a hell hound
   272 | D        | Reached *** piety under Trog
   273 | D        | Reached skill level 7 in Axes
   273 | D        | Reached XP level 6. HP: 62/62 MP: 5/5
   284 | D        | Entered arena 5.
   284 | D        | Noticed a yaktaur
   284 | D        | Noticed a yaktaur
   284 | D        | Found a transporter.
   288 | D        | Reached skill level 8 in Axes
   288 | D        | Reached skill level 10 in Shields
   288 | D        | Killed a yaktaur
   289 | D        | Reached skill level 9 in Axes
   289 | D        | Reached XP level 7. HP: 71/71 MP: 6/6
   289 | D        | Killed a yaktaur
   289 | D        | Reached **** piety under Trog
   290 | D        | Reached skill level 10 in Fighting
   290 | D        | Reached skill level 11 in Axes
   290 | D        | Reached skill level 10 in Armour
   290 | D        | Reached XP level 8. HP: 81/81 MP: 7/7
   298 | D        | Got the amulet of Suspicion {Reflect SH+5 SInv}
   312 | D        | Entered arena 6.
   312 | D        | Noticed a glass eye
   312 | D        | Noticed a glass eye
   312 | D        | Found a transporter.
   317 | D        | Killed a glass eye
   317 | D        | Killed a glass eye
   318 | D        | Reached skill level 12 in Axes
   340 | D        | Reached skill level 13 in Axes
   340 | D        | Reached XP level 9. HP: 90/90 MP: 8/8
   351 | D        | Entered arena 7.
   352 | D        | Found a transporter.
   356 | D        | Reached ***** piety under Trog
   357 | D        | Reached skill level 14 in Axes
   357 | D        | Received a gift from Trog
   385 | D        | Entered arena 8.
   385 | D        | Noticed a guardian mummy
   385 | D        | Noticed a royal mummy
   386 | D        | Found a transporter.
   388 | D        | Noticed a death scarab
   389 | D        | Noticed a death scarab
   389 | D        | Noticed a death scarab
   389 | D        | Noticed a death scarab
   390 | D        | Noticed a death scarab
   393 | D        | Slain by a death scarab

Illustrated notes

Levels and vault maps discovered:
D:        sprint_v [room_start, room_1, room_2, room_3, room_4, room_5, room_6,
          room_7, room_8, room_9, room_10, room_11, room_12, room_13, room_14,
          room_15, room_16, room_17, room_18, room_19, room_20, room_21,
          room_22, room_23, room_24, room_25, room_26, room_27]

Skill      XL: |  1  2  3  4  5  6  7  8  9 |
---------------+----------------------------+-----
Fighting       | 4 6 8 9 10 12 | 12.6
Armour         | 4 7 8 9 10 11 | 11.1
Shields        | 4 7 9 11 12 13 | 13.1
Axes           | 3 6 7 9 11 13 14 | 14.5

Action                     |  1- 3 |  4- 6 |  7- 9 || total
---------------------------+-------+-------+-------++-------
  Melee: Broad axe         |     4 |    15 |     9 ||    28
         Headbutt          |       |     3 |       ||     3
 Invoke: Berserk           |       |     1 |     2 ||     3
         Brothers in Arms  |       |       |     1 ||     1
  Evoke: Condenser vane    |       |       |     1 ||     1
         Gell's gravitambo |       |       |     1 ||     1
    Use: Potion            |       |       |     2 ||     2
 Armour: Plate armour      |     2 |    24 |    14 ||    40
  Dodge: Dodged            |       |     2 |       ||     2
  Block: Kite shield       |     7 |    29 |    18 ||    54

Table legend: (Time is in decaauts)
 A = Elapsed time spent in this place.
 B = Non-inter-level travel time spent in this place.
 C = Inter-level travel time spent in this place.
 D = Time resting spent in this place.
 E = Time spent auto-exploring this place.
 F = Levels seen in this place.
 G = Mean time per level.
                   A        B        C        D        E       F      G
               +--------+--------+--------+--------+--------+-----+--------+
         Total |    431 |    431 |      0 |     16 |      0 |   1 |  431.0 |
       Dungeon |    431 |    431 |      0 |     16 |      0 |   1 |  431.0 |
               +--------+--------+--------+--------+--------+-----+--------+

Top non-repeatable levels by time:
       D: 431 daAuts
